 Dungeon Crawl Stone Soup version 0.31.0-11-ge490571c62 (webtiles) character file.

Game seed: 17161354583561115285

46 Skeral the Insei (level 3, -13/43 HPs)
             Began as a Demigod Shapeshifter on Jan 29, 2024.
             Mangled by an orc
             ... wielding a +2 short sword of electrocution
              (18 damage)
             ... on level 2 of the Dungeon.
             The game lasted 00:02:18 (1268 turns).

Skeral the Insei (Demigod Shapeshifter)             Turns: 1268, Time: 00:02:18

Health: -13/43     AC: 21    Str: 15    XL:     3   Next: 27%
Magic:  5/5        EV:  2    Int: 12    God:
Gold:   64         SH:  0    Dex: 17    Spells: 2/2 levels left

rFire   . .          .
                       - Unarmed
rCold   . . .        (no shield)
rNeg    . . .        a - melded +0 animal skin
rPois   +            (helmet currently unavailable)
rElec   .            (cloak currently unavailable)
rCorr   .            (gloves currently unavailable)
SInv    .            (boots currently unavailable)
Will    +....        (no amulet)
Stlth   ++           k - ring of willpower
HPRegen 0.27/turn    (no ring)
MPRegen 0.09/turn

%: no passive effects
@: tree-form
A: stationary, stasis, torment immunity, boosted hp, high MP 1, forlorn, divine
attributes
a: no special abilities


You were on level 2 of the Dungeon.
You were a tree.
You visited 1 branch of the dungeon, and saw 2 of its levels.

You collected 64 gold pieces.


Innate Abilities, Weirdness & Mutations

You are a tree.
Your roots penetrate the ground, keeping you stationary.
You cannot be teleported.
You are immune to unholy pain and torment.
Your maximum health is greatly increased.
Your equipment is partially melded.
You have an increased reservoir of magic. (+10% MP)
You shall have no god before yourself.
Your divine heritage dramatically boosts your attributes as you level up.


   Skills:
 + Level 2.2 Fighting
 - Level 1.7 Dodging
 + Level 3.5 Unarmed Combat
 - Level 2.6 Shapeshifting


You had 2 spell levels left.
You didn't know any spells.
Your spell library was empty.

Inventory:

Missiles
 e - 5 atropa-tipped darts (quivered)
Armour
 a - a +0 animal skin (melded)
Jewellery
 k - a ring of willpower (left branch)
   (You found it on level 2 of the Dungeon)
 F - a ring of protection from fire
   (You found it on level 2 of the Dungeon)
Talismans
 c - a beast talisman
 d - a flux talisman
Scrolls
 g - a scroll of identify {unknown}
 h - a scroll of poison {unknown}
 i - a scroll of noise {unknown}
 j - a scroll of enchant weapon {unknown}
 l - a scroll of immolation {unknown}
Potions
 f - a potion of heal wounds {unknown}
 m - a potion of attraction {unknown}

Dungeon Overview and Level Annotations

Branches:
Dungeon (2/15) Zot: 10737

#.)....##.#..)....########.###
#...###..###.........# #.##.
###...#.....#....##### #....
##....###.#........## ###<.
#.##........#####...## ######.
# ####.#..## #..###..<...
##....## ##)).<.#####
#†..#..#######....###
#...#..o♣.........#
#.###..###.....##.# ####)#
##...####.###.# ##....# #.#..#
### #.# #####..######..##g.#
#.. ...............# ...( ...
###..#..####.#.# 8.o.# #..
.......## #.#.# .(.?. .....###
#...# #8#.


You could see an orc.


Message History

You take 1 damage, and now have 25/29 hp.
You hit the hobgoblin. The hobgoblin closely misses you.
You hit the hobgoblin.
You kill the hobgoblin!
You see here a hobgoblin corpse. 😕 HP[+1]
Found a stone staircase leading down. 😎 HP[+3]
Your hp is fully restored (29).
A quokka comes into view.
A quokka is nearby!
You hit the quokka. The quokka bites you. 😕 HP[-1]
You take 1 damage, and now have 28/29 hp.
You hit the quokka. The quokka barely misses you.
You miss the quokka. The quokka bites you. 😕 HP[-1]
You take 1 damage, and now have 27/29 hp.
You hit the quokka.
You kill the quokka! 😕 HP[+1]
Found a stone staircase leading down. 😎 HP[+1]
Your hp is fully restored (29).
Found an escape hatch in the ceiling.
There is an escape hatch in the ceiling here.
Found two stone staircases leading up.
There is a stone staircase leading up here.
A hobgoblin comes into view.
There is a stone staircase leading up here.
There is a stone staircase leading up here.
You closely miss the hobgoblin. The hobgoblin closely misses you.
You barely miss the hobgoblin. The hobgoblin closely misses you.
You hit the hobgoblin but do no damage. The hobgoblin hits you. 😕 HP[-3]
You take 3 damage, and now have 26/29 hp.
You hit the hobgoblin. The hobgoblin closely misses you.
You closely miss the hobgoblin. The hobgoblin closely misses you.
You hit the hobgoblin but do no damage. The hobgoblin hits you.
You hit the hobgoblin.
You kill the hobgoblin!
Things that are here:
a +0 rapier; 6 stones A hobgoblin comes into view.
The hobgoblin shouts!
You hear a shout! 😎 HP[+3]
Your hp is fully restored (29).
An orc and a goblin come into view.
The orc is wielding a +2 short sword of electrocution.
The hobgoblin attacks as it pursues you!
The hobgoblin barely misses you. The hobgoblin closely misses you.
You hit the hobgoblin. The hobgoblin hits you. 😕 HP[-5]
You take 5 damage, and now have 24/29 hp.
You hit the hobgoblin.
You kill the hobgoblin!
You hit the goblin.
The goblin hits you with a +0 club. 😕 HP[-1]
You take 1 damage, and now have 23/29 hp.
You hit the goblin but do no damage. The goblin closely misses you. 😕 HP[+1]
You hit the goblin.
You kill the goblin!
You start resting.
An orc is nearby! 😕 HP[+2]
You regained 2 hp, and now have 26/29 hp.
Things that are here:
a +0 club; a goblin corpse; 😕 HP[+1]
The orc shouts!
You hit the orc.
The orc hits you with a +2 short sword of electrocution. 😕 HP[-2]
You take 2 damage, and now have 25/29 hp.
You barely miss the orc.
The orc hits you with a +2 short sword of electrocution. 😕 HP[-3]
You take 3 damage, and now have 22/29 hp.
You closely miss the orc.
The orc hits you with a +2 short sword of electrocution. 😮 HP[-4]
You take 4 damage, and now have 18/29 hp.
You barely miss the orc. The orc closely misses you.
You hit the orc.
The orc hits you with a +2 short sword of electrocution.
You are electrocuted!
* * * LOW HITPOINT WARNING * * *
😱 HP[-13]
You take 13 damage, and now have 5/29 hp.
MASSIVE DAMAGE!! (PAUSE)
Okay, then.
Your transformation has ended.
You turn into a tree.
Your +0 animal skin melds into your body.
Your roots penetrate the ground.
The orc hits you with a +2 short sword of electrocution.
* * * LOW HITPOINT WARNING * * *
You are electrocuted!!
You die...

Skill      XL: |  1  2 |
---------------+-------+-----
Fighting       | 1 2 |  2.2
Unarmed Combat | 3 |  3.5
Dodging        | |  1.7
Shapeshifting  | |  2.6

Action                     || total
---------------------------++-------
  Melee: Unarmed           ||   122
         Punch             ||     2
    Use: Potion            ||     1
   Stab: Sleeping          ||     2
 Armour: Animal skin       ||    61
         Skin              ||     1
  Dodge: Dodged            ||    66

Levels and vault maps discovered:
D:1:      dpeg_arrival_stone_temple_mockup, layout_basic, minivault_27,
          st_stairs_3
D:2:      layout_rooms, small_statue_intersection,
          amcnicky_mini_rare_corridor_liquid, guppyfry_early_orc_mine

Notes
Turn   | Place    | Note
-------+----------+-------------------------------------------
     0 | D:1      | Skeral the Demigod Shapeshifter began the quest for the
                  | Orb.
     0 | D:1      | Reached XP level 1. HP: 15/15 MP: 3/3
     0 | D:1      | magus.rc [v1.10.3]
    47 | D:1      | Reached skill level 1 in Fighting
   121 | D:1      | Reached skill level 3 in Unarmed Combat
   160 | D:1      | Reached XP level 2. HP: 10/23 MP: 4/4
   367 | D:1      | HP: 5/23 [frozen (5)]
   884 | D:1      | Reached skill level 2 in Fighting
   949 | D:1      | Reached XP level 3. HP: 29/29 MP: 5/5
  1267 | D:2      | HP: 5/29 [orc/+2 short sword of electrocution (10)]
  1268 | D:2      | Mangled by an orc

Vanquished Creatures
  A dart slug (D:1)
  4 ball pythons
  2 bats
  2 endoplasms (D:1)
  2 giant cockroaches (D:1)
  5 hobgoblins
  2 jackals (D:1)
  5 quokkas
  2 frilled lizards
  7 goblins
  5 kobolds
  A rat (D:1)
38 creatures vanquished.

Table legend:
 A = Non-vault XP
 B = Vault XP
 C = Vault XP percentage of total XP
 D = Non-vault monster count
 E = Vault monster count
 F = Vault count percentage of total count
                 A         B        C        D         E       F
            +---------+---------+-------+---------+---------+-------
      Total |      58 |       9 |  13.4 |      33 |       5 |  13.2
            +---------+---------+-------+---------+---------+-------
        D:1 |      45 |       3 |   6.2 |      25 |       2 |   7.4
        D:2 |      13 |       6 |  31.6 |       8 |       3 |  27.3
            +---------+---------+-------+---------+---------+-------

Skill      XL: |  1  2 |
---------------+-------+-----
Fighting       | 1 2 |  2.2
Unarmed Combat | 3 |  3.5
Dodging        | |  1.7
Shapeshifting  | |  2.6

Action                     || total
---------------------------++-------
  Melee: Unarmed           ||   122
         Punch             ||     2
    Use: Potion            ||     1
   Stab: Sleeping          ||     2
 Armour: Animal skin       ||    61
         Skin              ||     1
  Dodge: Dodged            ||    66

Illustrated notes

Table legend:
 A = Kills in this place as a percentage of kills in the entire game.
 B = Kills by you in this place as a percentage of kills by you in the entire game.
 C = Kills by friends in this place as a percentage of kills by friends in the entire game.
 D = Other kills in this place as a percentage of other kills in the entire game.
 E = Experience gained in this place as a percentage of experience gained in the entire game.
 F = Experience gained in this place divided by the number of levels of this place that you have seen.
                   A       B       C       D       E      F
               +-------+-------+-------+-------+-------+----------------------
         Total | 100.0 | 100.0 |   N/A |   N/A | 100.0 |  33.5
       Dungeon | 100.0 | 100.0 |   N/A |   N/A | 100.0 |  33.5
               +-------+-------+-------+-------+-------+----------------------

Table legend: (Time is in decaauts)
 A = Elapsed time spent in this place.
 B = Non-inter-level travel time spent in this place.
 C = Inter-level travel time spent in this place.
 D = Time resting spent in this place.
 E = Time spent auto-exploring this place.
 F = Levels seen in this place.
 G = Mean time per level.
                   A        B        C        D        E       F      G
               +--------+--------+--------+--------+--------+-----+--------+
         Total |   1261 |   1249 |     12 |     86 |    802 |   2 |  630.5 |
       Dungeon |   1261 |   1249 |     12 |     86 |    802 |   2 |  630.5 |
               +--------+--------+--------+--------+--------+-----+--------+

Top non-repeatable levels by time:
     D:1: 968 daAuts
     D:2: 293 daAuts
